 Dungeon Crawl Stone Soup version 0.27.0-1-g7a089689b8 (webtiles) character file.

Game seed: 15726616185780324086

151 unlimited1921 the Chiller (level 4, 0/35 HPs)
             Began as a Demigod Ice Elementalist on Aug 14, 2021.
             Succumbed to an adder's poison
             ... on level 2 of the Dungeon.
             The game lasted 00:35:53 (5968 turns).

unlimited1921 the Chiller (DgIE)                    Turns: 5968, Time: 00:35:54

Health: 0/35       AC:  9    Str: 13    XL:     4   Next: 86%
Magic:  11/11      EV:  4    Int: 17    God:
Gold:   119        SH: 10    Dex: 14    Spells: 7/8 levels left

rFire    . . .     SeeInvis .   b - +3 dagger (speed)
rCold    . . .     Faith    .   i - +0 tower shield
rNeg     . . .     Spirit   .   p - +0 scale mail
rPois    .         Reflect  .   w - +0 helmet
rElec    .         Harm     .   (no cloak)
rCorr    .         Rampage  .   c - +0 pair of gloves
Will     .....                  k - +0 pair of boots
Stlth    +.........             (no amulet)
HPRegen  0.11/turn              (no ring)
MPRegen  0.12/turn              (no ring)

@: lethally poisoned (0 -> -6), attractive
A: high mp 1, forlorn
a: no special abilities


You were on level 2 of the Dungeon.
You visited 1 branch of the dungeon, and saw 3 of its levels.

You collected 119 gold pieces.

Inventory:

Hand Weapons
 b - a +3 dagger of speed (weapon)
 j - a +0 hand axe
 l - a +0 whip
 o - a +0 short sword
 q - a +0 whip
 r - a +0 war axe
 v - a +0 halberd
Missiles
 f - 21 stones
 h - 6 arrows
 s - 2 boomerangs (quivered)
 t - 6 poisoned darts
 u - a throwing net
Armour
 a - a +0 robe
 c - a +0 pair of gloves (worn)
 i - a +0 tower shield (worn)
 k - a +0 pair of boots (worn)
 p - a +0 scale mail (worn)
 w - a +0 helmet (worn)
Scrolls
 d - 2 scrolls of amnesia {unknown}
 e - a scroll of identify {unknown}
 m - a scroll of blinking {unknown}
 n - 2 scrolls of immolation {unknown}


   Skills:
 * Level 1.4 Fighting
 + Level 1.8 Short Blades
 + Level 0.6 Throwing
 + Level 0.1 Armour
 + Level 2.1 Dodging
 + Level 2.3 Stealth
 + Level 0.5 Shields
 * Level 2.9 Spellcasting
 - Level 3.6 Ice Magic


You had 7 spell levels left.
You knew the following spells:

 Your Spells              Type           Power      Damage    Failure   Level
a - Freeze                Ice            56%        1d7       99%         1

Your spell library contained the following spells:

 Spells                   Type           Power      Damage    Failure   Level
 Frozen Ramparts          Ice            28%        1d4       100%        3
 Ozocubu's Armour         Ice            14%        N/A       100%        3
 Hailstorm                Conj/Ice       8%         3d4       100%        4


Dungeon Overview and Level Annotations

Branches:
Dungeon (3/15)

Shops:
D:3 *(


Innate Abilities, Weirdness & Mutations

Your attributes grow dramatically as you level up.
You have an increased reservoir of magic. (+10% MP)
You shall have no god before yourself.


Message History

The adder bites you.
* * * LOW HITPOINT WARNING * * *
The gnoll splashes around in the water.
The adder bites you but does no damage.
You enter the shallow water.
Moving in this stuff is going to be slow.
You block the adder's attack. You block the adder's attack.
Throw: 2 boomerangs
Press: ? - help, Q - select action, (/) - cycle Shift-Dir - straight line, f - adder
Aim: an adder (moderately wounded, 35% to hit)
You throw a boomerang. The boomerang hits the adder.
The adder is heavily wounded.
The adder bites you but does no damage. x2
You block the adder's attack.
Throw: 2 boomerangs
Press: ? - help, Q - select action, (/) - cycle Shift-Dir - straight line, f/p - adder
Aim: an adder (heavily wounded, 32% to hit)
You throw a boomerang. The boomerang closely misses the adder.
The boomerang hits the gnoll.
The gnoll is moderately wounded.
The adder bites you but does no damage. x2; You block the gnoll's attack.
Throw: 2 boomerangs
Press: ? - help, Q - select action, (/) - cycle Shift-Dir - straight line, f/p - adder
Aim: an adder (heavily wounded, 35% to hit)
You throw a boomerang. The boomerang hits the gnoll.
The gnoll is severely wounded.
The gnoll hits you with a +0 club.
* * * LOW HITPOINT WARNING * * *
The gnoll hits you but does no damage. You block the gnoll's attack.
The adder bites you.
* * * LOW HITPOINT WARNING * * *
The adder bites you.
* * * LOW HITPOINT WARNING * * *
You are lethally poisoned!
The adder poisons you!
* * * LOW HITPOINT WARNING * * *
You feel sick.
It was a potion of attraction.
You feel attractive to monsters.
You die...

###### #<...#
#.@..# #..S.##
#.....#############
#....g.##..........
#....#g##..........
#.......#..........
#####.#.g..........
#.###..........
##########
#.###..........


You could see 3 gnolls and an adder.

Vanquished Creatures
  2 adders (D:2)
  6 gnolls
  3 worms
  4 dart slugs
  An orc (D:3)
  6 ball pythons
  4 bats
  8 endoplasms
  2 giant cockroaches
  7 goblins
  7 hobgoblins
  A quokka (D:1)
  4 kobolds
  A rat (D:2)
56 creatures vanquished.

Vanquished Creatures (others)
  9 plants
9 creatures vanquished.

Grand Total: 65 creatures vanquished

Notes
Turn   | Place    | Note
-------+----------+-------------------------------------------
     0 | D:1      | unlimited1921 the Demigod Ice Elementalist began the quest
                  | for the Orb.
     0 | D:1      | Reached XP level 1. HP: 14/14 MP: 5/5
   564 | D:1      | Reached XP level 2. HP: 22/22 MP: 7/7
  1346 | D:1      | Reached skill level 1 in Fighting
  1902 | D:2      | Reached XP level 3. HP: 23/28 MP: 9/9
  3667 | D:2      | Reached skill level 1 in Short Blades
  4455 | D:3      | Reached XP level 4. HP: 34/35 MP: 11/11
  4531 | D:3      | Found Elel's Weapon Shoppe.
  4633 | D:3      | HP: 1/35 [poisoned by a goblin]
  5848 | D:3      | Found Xuvvogeu's Assorted Antiques.
  5967 | D:2      | HP: 1/35 [poisoned by an adder]
  5968 | D:2      | Succumbed to an adder's poison

Illustrated notes

Levels and vault maps discovered:
D:1:      roderic_chinese_lattice_arrival, layout_rooms, minmay_domino_2
D:2:      minmay_door_path, layout_rooms, basic_ecumenical_altar,
          serial_bayou_crossing
D:3:      layout_rooms, serial_shops, nicolae_shop_overgrown_old_shop,
          shop_statue

Skill      XL: |  1  2  3 |
---------------+----------+-----
Spellcasting   | 2 |  2.9
Stealth        | 2 |  2.3
Fighting       | 1 |  1.4
Dodging        | 2 |  2.1
Short Blades   | 1 |  1.8
Throwing       | |  0.6
Armour         | |  0.1
Shields        | |  0.5
Ice Magic      | |  3.6

Action                   |  1- 3 |  4- 6 || total
-------------------------+-------+-------++-------
Melee: Dagger            |   140 |    61 ||   201
Throw: Stone             |    10 |     2 ||    12
       Javelin           |     6 |       ||     6
       Dart              |       |    21 ||    21
       Boomerang         |       |    14 ||    14
 Cast: Freeze            |    14 |       ||    14
  Use: Potion            |       |     3 ||     3
 Stab: Sleeping          |     5 |       ||     5
Armor: Robe              |    24 |       ||    24
       Scale mail        |     5 |    34 ||    39
Dodge: Dodged            |    37 |    10 ||    47
Block: Tower shield      |    58 |    59 ||   117
